 Dungeon Crawl Stone Soup version 0.32-a0-42-ga30500b4d3 (webtiles) character file.

Game seed: 17422917803112079108

1674 SHC the Magician (level 8, -11/60 HPs)
             Began as a Mummy Earth Elementalist on Feb 3, 2024.
             Was an Initiate of Kikubaaqudgha.
             Mangled by an orc warrior
             ... wielding a +0 dire flail
              (18 damage)
             ... on level 6 of the Dungeon.
             The game lasted 00:10:24 (5936 turns).

SHC the Magician (Mummy Earth Elementalist)         Turns: 5936, Time: 00:10:24

Health: -11/60     AC:  4    Str: 11    XL:     8   Next: 70%
Magic:  9/18       EV: 13    Int: 23    God:    Kikubaaqudgha [......]
Gold:   257        SH:  0    Dex: 12    Spells: 17/21 levels left

rFire   x . .        q - +4 short sword (speed)
rCold   + . .        (no shield)
rNeg    + + +        a - +0 robe
rPois   ∞            (no helmet)
rElec   .            (no cloak)
rCorr   .            b - +0 pair of gloves
SInv    .            g - +0 pair of boots
Will    +....        (no amulet)
Stlth   ++           k - +4 ring of slaying
HPRegen 0.30/turn    f - +6 ring of intelligence
MPRegen 0.16/turn

%: faith
@: no status effects
A: cold resistance 1, negative energy resistance 3, torment resistance 2, heat
vulnerability 1, in touch with death 1, no potions, faith
a: Renounce Religion


You were on level 6 of the Dungeon.
You worshipped Kikubaaqudgha.
Kikubaaqudgha was noncommittal.
You visited 1 branch of the dungeon, and saw 7 of its levels.

You collected 257 gold pieces.

Inventory:

Hand Weapons
 j - a +0 rapier
 q - a +4 short sword of speed (weapon)
Missiles
 t - 2 throwing nets
Armour
 a - a +0 robe (worn)
 b - a +0 pair of gloves (worn)
 g - a +0 pair of boots (worn)
 m - a +1 hat
 p - a +0 helmet
Jewellery
 f - a +6 ring of intelligence (right hand)
 k - a +4 ring of slaying (left hand)
 w - an amulet of guardian spirit
 x - a ring of protection from fire
Scrolls
 c - a scroll of identify {unknown}
 d - 2 scrolls of teleportation {unknown}
 e - 3 scrolls of fear {unknown}
 h - a scroll of enchant armour {unknown}
 i - a scroll of amnesia {unknown}
 l - a scroll of revelation {unknown}
 n - a scroll of fog {unknown}
 o - 3 scrolls of noise {unknown}
 r - 2 scrolls of immolation {unknown}
 s - 3 scrolls of torment {unknown}
 u - a scroll of enchant weapon {unknown}
 v - a scroll of acquirement {unknown}
 y - a scroll of silence {unknown}


   Skills:
 + Level 3.9 Fighting
 + Level 3.7 Dodging
 + Level 4.1 Stealth
 + Level 7.1 Spellcasting
 - Level 3.0 Conjurations
 - Level 5.0 Earth Magic


You had 17 spell levels left.
You knew the following spells:

 Your Spells              Type           Power      Damage    Failure   Level
a - Stone Arrow           Conj/Erth      52%        3d10      4%          3
s - Sandblast             Erth           62%        2d14      1%          1

Your spell library contained the following spells:

 Spells                   Type           Power      Damage    Failure   Level
 Magic Dart               Conj           84%        1d7       2%          1
 Searing Ray              Conj           42%        2d6       3%          2
 Passwall                 Erth           31%        N/A       3%          3
 Necrotise                Necr           48%        1d6       8%          1
 Cigotuvi's Dreadful Rot  Necr/Alch/Air  24%        N/A       12%         2
 Ensorcelled Hibernation  Hex/Ice        16%        N/A       12%         2
 Lesser Beckoning         Tloc           16%        N/A       12%         2
 Scorch                   Fire           16%        2d5       12%         2
 Brom's Barrelling Bould  Conj/Erth      26%        2d5       14%         4
 Fugue of the Fallen      Necr           12%        N/A       22%         3
 Gell's Gravitas          Tloc           8%         N/A       22%         3
 Teleport Other           Tloc           8%         N/A       22%         3
 Vampiric Draining        Necr           12%        2d6       22%         3
 Petrify                  Alch/Erth      19%        N/A       26%         4
 Flame Wave               Conj/Fire      15%        2d7       38%         4
 Fulminant Prism          Conj/Alch      7%         3d7       38%         4
 Anguish                  Hex/Necr       6%         N/A       58%         4
 Animate Dead             Necr           12%        N/A       58%         4
 Cause Fear               Hex            4%         N/A       58%         4
 Ignite Poison            Fire/Alch      8%         N/A       58%         4
 Fireball                 Conj/Fire      7%         3d5       75%         5
 Freezing Cloud           Conj/Ice/Air   6%         6-21      80%         5
 Summon Cactus Giant      Summ           4%         N/A       100%        6
 Dragon's Call            Summ           4%         N/A       100%        9


Dungeon Overview and Level Annotations

Branches:
Dungeon (7/15)             Temple (0/1) D:7

Altars:
Dithmenos
Fedhas
Gozag
Kikubaaqudgha
Makhleb
Nemelex Xobeh
Sif Muna

Annotations:
D:1 IGNIS
D:4 3 runed translucent doors, ILmort's ghost, amateur MfAl


Innate Abilities, Weirdness & Mutations

You are immune to poison.
Your flesh is cold resistant. (rC+)
You are immune to negative energy. (rN+++)
You are immune to unholy pain and torment.
You are vulnerable to heat. (rF-)
You are in touch with the powers of death.
You do not drink.
You have a special connection with the divine. (Faith)


Message History

The blast of sand hits the orc warrior!
The orc warrior is heavily wounded.
The blast of sand hits the orc warrior but does no damage.
The orc warrior is heavily wounded.
The orc warrior hits you with a +0 dire flail!!
The orc warrior barely misses you. The orc closely misses you.
The orc priest barely misses you.
You are too injured to fight recklessly!
Casting: Sandblast (safe; 1% risk of failure)
Confirm with . or Enter, or press ? or * to list all spells.
Aiming: Stone Arrow (dangerous; 4% risk of failure)
Press: ? - help, Shift-Dir - straight line, f/p - orc warrior
Aim: an orc warrior, wielding a +0 dire flail and wearing a +0 plate armour (heavily wounded, 71% to hit)
The stone arrow hits the orc warrior!
The orc warrior is severely wounded.
The orc hits you with a +0 whip.
The orc priest hits you with a +0 morningstar!
The orc warrior hits you with a +0 dire flail!
* * * LOW HITPOINT WARNING * * *
Unknown command.
The orc hits you with a +0 whip.
* * * LOW HITPOINT WARNING * * *
The orc priest misses you.
The orc warrior hits you with a +0 dire flail.
* * * LOW HITPOINT WARNING * * *
The orc hits you with a +0 flail.
* * * LOW HITPOINT WARNING * * *
You climb upwards.
There is a stone staircase leading down here.
Casting: Stone Arrow (dangerous; 4% risk of failure)
Confirm with . or Enter, or press ? or * to list all spells.
Aiming: Stone Arrow (dangerous; 4% risk of failure)
Press: ? - help, Shift-Dir - straight line, f - orc warrior
Aim: an orc warrior, wielding a +0 dire flail and wearing a +0 plate armour (severely wounded, 71% to hit)
The stone arrow hits the orc warrior.
The orc warrior is almost dead.
The orc barely misses you.
The orc warrior hits you with a +0 dire flail!!
You die...
Kikubaaqudgha rasps: "You have failed me!
Welcome... oblivion!"

#.........<#### ####...###+###
#..........# #......#......
#..........# #......#......
#..........# #......#......
####..........# ##.....'......
....)..##############.....##.....
.....).#.......)...######.#.##..#
....)..#.........o.##.#.#...#.#.#
..))...#........@.#.#...........#
.......#.......ooo....##.....##..
.......#..........#..............
.......##'##.##...#....#.###.#...
...........#.######..............
...........#..........##†....##..
...........#....#.#.#...........#
.......[...#..#.#...#.#.#...#.#.#
...........'............#.#.#....


You could see an orc warrior, an orc priest and 2 orcs.

Vanquished Creatures
  Grinder (D:2)
  Sigmund (D:6)
  A sky beast (D:6)
  An ogre (D:5)
  A gnoll sergeant (D:6)
  2 scorpions (D:5)
  3 bombardier beetles
  3 orc priests
  3 jellies
  4 hounds
  4 iguanas
  A sleepcap (D:5)
  Jessica (D:3)
  3 orc wizards (D:6)
  Robin (D:3)
  13 gnolls
  8 adders
  2 white imps
  2 dart slugs (D:2)
  2 ribbon worms
  11 orcs
  4 ball pythons
  6 endoplasms
  A giant cockroach (D:4)
  10 goblins
  10 hobgoblins
  7 quokkas
  7 bats
  4 frilled lizards
  6 kobolds
  2 rats
125 creatures vanquished.

Notes
Turn   | Place    | Note
-------+----------+-------------------------------------------
     0 | D:1      | SHC the Mummy Earth Elementalist began the quest for the
                  | Orb.
     0 | D:1      | Reached XP level 1. HP: 13/13 MP: 4/4
   162 | D:1      | Reached skill level 1 in Conjurations
   255 | D:1      | Reached skill level 3 in Spellcasting
   255 | D:1      | Reached XP level 2. HP: 19/19 MP: 4/6
   585 | D:1      | Found a faded altar of an unknown god.
  1128 | D:2      | Noticed a bombardier beetle
  1163 | D:1      | Killed a bombardier beetle
  1164 | D:1      | Reached XP level 3. HP: 13/24 MP: 2/8
  1326 | D:2      | Found a shadowy altar of Dithmenos.
  1475 | D:2      | Reached XP level 4. HP: 30/30 MP: 7/9
  1655 | D:2      | Reached skill level 4 in Spellcasting
  1991 | D:2      | Learned a level 3 spell: Stone Arrow
  1992 | D:3      | Noticed Robin
  2063 | D:3      | Noticed Grinder
  2074 | D:3      | Paralysed by Grinder for 2 turns
  2084 | D:2      | Killed Grinder
  2085 | D:2      | Reached skill level 5 in Spellcasting
  2085 | D:2      | Reached XP level 5. HP: 26/35 MP: 1/12
  2085 | D:2      | Reached XP level 6. HP: 30/41 MP: 1/13
  2315 | D:3      | Noticed Jessica
  2318 | D:3      | Killed Jessica
  2563 | D:3      | Killed Robin
  2677 | D:3      | Reached skill level 5 in Earth Magic
  2758 | D:3      | Found a blossoming altar of Fedhas.
  2784 | D:3      | Reached XP level 7. HP: 46/46 MP: 9/14
  3176 | D:4      | Found a runed translucent gate.
  3176 | D:4      | Found a runed translucent gate.
  3177 | D:4      | Found a runed translucent gate.
  3357 | D:4      | Noticed ILmort's ghost (amateur MfAl)
  3467 | D:4      | Found a burning altar of Makhleb.
  3698 | D:5      | Entered Level 5 of the Dungeon
  3756 | D:5      | Reached skill level 1 in Fighting
  4085 | D:5      | Found a shimmering blue altar of Sif Muna.
  4085 | D:5      | Found an opulent altar of Gozag.
  4086 | D:5      | Found a sparkling altar of Nemelex Xobeh.
  4089 | D:5      | Found an ancient bone altar of Kikubaaqudgha.
  4199 | D:5      | Became a worshipper of Kikubaaqudgha
  4436 | D:5      | Reached skill level 6 in Spellcasting
  4436 | D:5      | Reached XP level 8. HP: 56/57 MP: 11/17
  5255 | D:6      | Noticed Sigmund
  5261 | D:6      | Killed Sigmund
  5678 | D:6      | Reached skill level 7 in Spellcasting
  5795 | D:6      | Reached * piety under Kikubaaqudgha
  5795 | D:6      | Received a gift from Kikubaaqudgha
  5927 | D:7      | Found a staircase to the Ecumenical Temple.
  5936 | D:6      | Mangled by an orc warrior

Illustrated notes

Levels and vault maps discovered:
D:1:      dpeg_arrival_three_smaller_balls, layout_basic,
          dreamdust_ecumenical_altar_angels_and_demons
D:2:      layout_rooms, basic_altar
D:3:      layout_basic, mainiacjoe_overflow_brackets, uniq_grinder, uniq_robin,
          uniq_jessica
D:4:      layout_loops_ring, mainiacjoe_overflow_alcove_2, zin_scriptorium,
          gammafunk_ghost_necromancy, eino_small_chamber_without_monster
D:5:      layout_loops_cross, grunt_temple_overflow_open
D:6:      nicolae_cairo_tiling_large_dashed, layout_gridville, uniq_sigmund
D:7:      layout_cave_pools, mainiacjoe_overflow_24_doors,
          nicolae_ru_the_path_less_chosen, minmay_temple_entry_statues_pillars

Skill      XL: |  1  2  3  4  5  6  7  8 |
---------------+-------------------------+-----
Conjurations   | 1 3 |  3.0
Spellcasting   | 3 5 6 7 |  7.1
Earth Magic    | 3 4 5 |  5.0
Stealth        | 3 4 |  4.1
Fighting       | 2 3 |  3.9
Dodging        | 2 3 |  3.7

Action                     |  1- 3 |  4- 6 |  7- 9 || total
---------------------------+-------+-------+-------++-------
  Melee: Unarmed           |     8 |       |       ||     8
         Short sword       |       |       |     3 ||     3
   Cast: Sandblast         |    51 |    67 |    86 ||   204
         Stone Arrow       |       |     3 |    29 ||    32
 Armour: Robe              |    11 |    18 |    43 ||    72
  Dodge: Dodged            |    22 |    14 |    46 ||    82

Table legend: (Time is in decaauts)
 A = Elapsed time spent in this place.
 B = Non-inter-level travel time spent in this place.
 C = Inter-level travel time spent in this place.
 D = Time resting spent in this place.
 E = Time spent auto-exploring this place.
 F = Levels seen in this place.
 G = Mean time per level.
                   A        B        C        D        E       F      G
               +--------+--------+--------+--------+--------+-----+--------+
         Total |   6038 |   5718 |    320 |    290 |   4626 |   7 |  862.6 |
       Dungeon |   6038 |   5718 |    320 |    290 |   4626 |   7 |  862.6 |
               +--------+--------+--------+--------+--------+-----+--------+

Top non-repeatable levels by time:
     D:1: 1250 daAuts
     D:6: 1161 daAuts
     D:5: 1100 daAuts
     D:2: 925 daAuts
     D:3: 840 daAuts
     D:4: 749 daAuts
     D:7: 9 daAuts
